 Dungeon Crawl Stone Soup version 0.30-a0-1008-g30c9307041 (webtiles) character file.

Game seed: 3107921137023294025

6435 ThatPearl the Geomancer (level 11, -3/88 HPs)
             Began as a Meteoran Earth Elementalist on Apr 5, 2023.
             Was a Believer of Vehumet.
             Slain by a howler monkey (6 damage)
             ... on level 10 of the Dungeon.
             The game lasted 00:47:54 (4776 turns).

ThatPearl the Geomancer (MeEE)                      Turns: 4776, Time: 00:47:55

Health: -3/88      AC:  3    Str: 12    XL:     11   Next: 41%
Magic:  7/25       EV: 13    Int: 24    God:    Vehumet [**....]
Gold:   327        SH:  6    Dex: 15    Spells: 15/29 levels left

rFire   + . .      SeeInvis .    v - +7 morningstar of Fimbulwinter {holy, *Corrode Will+ Str+2 Int+3}
rCold   . . .      Faith    .    D - +0 buckler
rNeg    . . .      Spirit   .    H - +2 leather armour {rF+}
rPois   .          Reflect  .    y - +0 helmet
rElec   .          Rampage  .    (no cloak)
rCorr   .                        (no gloves)
Will    ++...                    F - +0 pair of boots
Stlth   +                        s - amulet of regeneration
HPRegen 1.14/turn                p - ring of flight
MPRegen 0.19/turn                (no ring)

@: corroded, flying, glowing
A: sense surroundings 2, otherworldly, glowing, explore regen
a: Renounce Religion


You were on level 10 of the Dungeon.
You worshipped Vehumet.
Vehumet was pleased with you.
You visited 2 branches of the dungeon, and saw 11 of its levels.

You collected 543 gold pieces.
You spent 216 gold pieces at shops.

Inventory:

Hand Weapons
 e - a +1 short sword of draining
 v - the +7 morningstar of Fimbulwinter (weapon) {holy, *Corrode Will+ Str+2 Int+3}
   (You bought it in a shop on level 2 of the Dungeon)

   Str:       It affects your strength (+2).
   Int:       It affects your intelligence (+3).
   *Corrode:  It may corrode you when you take damage.
   Will:      It increases your willpower.
 C - the +3 whip of the Summoning Gods {pain, Fly}
   (You found it on level 6 of the Dungeon)

   Fly:       It grants you flight.
Missiles
 x - a throwing net
 I - 4 poisoned darts
Armour
 y - a +0 helmet (worn)
 D - a +0 buckler (worn)
 F - a +0 pair of boots (worn)
 H - a +2 leather armour of fire resistance (worn)
Jewellery
 p - a ring of flight (left hand)
 q - a ring of fire
 s - an amulet of regeneration (around neck)
Wands
 t - a wand of flame (28)
 u - a wand of digging (10)
 E - a wand of charming (11)
 K - a wand of iceblast (7)
Scrolls
 a - a scroll of blinking {unknown}
 c - a scroll of torment {unknown}
 d - 3 scrolls of amnesia {unknown}
 f - a scroll of fear
 h - 2 scrolls of identify
 k - 4 scrolls of teleportation {unknown}
 o - 2 scrolls of enchant armour {unknown}
 r - 4 scrolls of vulnerability
 z - 4 scrolls of immolation {unknown}
 A - 2 scrolls of silence {unknown}
Potions
 b - 2 potions of magic
 g - 4 potions of heal wounds
 i - 3 potions of mutation
 j - 4 potions of haste
 l - 2 potions of attraction {unknown}
 m - 2 potions of curing
 n - 2 potions of flight {unknown}
 w - 2 potions of berserk rage
 B - a potion of resistance {unknown}
 G - 3 potions of might
 J - a potion of brilliance {unknown}


   Skills:
 + Level 5.2 Fighting
 - Level 5.7 Maces & Flails
 - Level 4.8 Dodging
 - Level 1.4 Stealth
 + Level 6.3 Shields
 + Level 9.7 Spellcasting
 + Level 7.0 Conjurations
 - Level 3.0 Transmutations
 + Level 3.2 Air Magic
 - Level 10.6 Earth Magic


You had 15 spell levels left.
You knew the following spells:

 Your Spells              Type           Power      Damage    Failure   Level
a - Stone Arrow           Conj/Erth      100%       3d13      1%          3
b - Sandblast             Erth           100%       2d20      1%          1
m - Magic Dart            Conj           100%       1d8       1%          1
p - Petrify               Tmut/Erth      44%        N/A       5%          4
s - Swiftness             Air            27%        N/A       8%          3
w - Passwall              Tmut/Erth      36%        N/A       1%          2

Your spell library contained the following spells:

 Spells                   Type           Power      Damage    Failure   Level
 Summon Small Mammal      Summ           44%        N/A       9%          1
 Cigotuvi's Dreadful Rot  Necr/Pois/Air  32%        N/A       9%          2
 Ensorcelled Hibernation  Hex/Ice        22%        N/A       14%         2
 Call Canine Familiar     Summ           11%        N/A       26%         3
 Summon Guardian Golem    Hex/Summ       11%        N/A       26%         3
 Dispel Undead            Necr           11%        3d9       65%         4
 Death Channel            Necr           5%         N/A       100%        6


Dungeon Overview and Level Annotations

Branches:
Dungeon (10/15) Zot: 1127  Temple (1/1) D:6 Zot: 589
   Lair: D:8-11         Orc: D:9-12

Altars:
Ashenzari
Cheibriados
Dithmenos
Elyvilon
Fedhas
Gozag
Hepliaklqana
Kikubaaqudgha
Makhleb
Nemelex Xobeh
Okawaru
Qazlal
Ru
Sif Muna
Trog
Uskayaw
Vehumet
Wu Jian
Xom
Yredelemnul
Zin
The Shining One

Shops:
D:2 (

Annotations:
D:6 1 runed translucent door, Crazy Yiuf


Innate Abilities, Weirdness & Mutations

You passively map the area around you.
You are easily found by Zot.
You glow in the dark.
You regain HP and MP as you explore.


Message History

Confirm with . or Enter, or press ? or * to list all spells.
Aiming: Stone Arrow (safe; 1% risk of failure)
Press: ? - help, Shift-Dir - straight line, f - orc priest, p - troll
Aim: an orc priest, wielding a +0 morningstar (78% to hit)
The stone arrow hits the orc priest!!
You kill the orc priest!
Vehumet accepts your kill.
You feel your power returning. Something hits you!
* * * LOW HITPOINT WARNING * * *
Something hits you.
* * * LOW HITPOINT WARNING * * *
The troll bites you.
* * * LOW HITPOINT WARNING * * *
The troll claws you but does no damage. The troll barely misses you.
The howler monkey barely misses you.
Unknown command.
Casting: Stone Arrow (safe; 1% risk of failure)
Confirm with . or Enter, or press ? or * to list all spells.
Aiming: Stone Arrow (safe; 1% risk of failure)
Press: ? - help, Shift-Dir - straight line, f - troll
Aim: a troll (78% to hit)
The stone arrow hits the troll!
The troll is moderately wounded.
Something hits you.
* * * LOW HITPOINT WARNING * * *
Something hits you.
* * * LOW HITPOINT WARNING * * *
The howler monkey hits you but does no damage.
The troll barely misses you. The troll claws you.
* * * LOW HITPOINT WARNING * * *
Your corrosive artefact corrodes you!
The troll claws you.
* * * LOW HITPOINT WARNING * * *
The quasit bites you.
* * * LOW HITPOINT WARNING * * *
The quasit claws you but does no damage. x2
The troll attacks as you move away! The troll bites you.
* * * LOW HITPOINT WARNING * * *
The troll claws you but does no damage. The troll barely misses you.
The howler monkey hits you.
You die...

#...# , ,
#..........# #...#
#..........# #...#,,
,#..........#**
...########5.........
,, ,
.......5..5T.o......
, .......5..K9oo.....
,,,
.......T######)#...,
* ........#......#...
' , *
........#.h@.{.# ..
.......TK5..{..#, ,*,
,........#T.....# , ,
##### ,
........#......#, , ,
....
........#......#, *
*#. ##......########
, #. #......., , ,
*,, #. #....... , , ,
#. ....... ,, , , ,
#.


You could see a kobold demonologist, 2 trolls, a howler monkey and a quasit
(summoned).

Vanquished Creatures
  Erica (D:10)
  A kobold demonologist (D:9)
  3 trolls
  Grinder (D:4)
  2 vampires
  A wraith (D:10)
  Grum (D:9)
  9 wargs (D:10)
  Edmund (D:5)
  Duvessa (D:7)
  3 hell hounds (D:10)
  3 water moccasins (D:8)
  2 black bears (D:5)
  2 ice beasts
  A sky beast (D:6)
  2 wolves
  2 centaurs
  A phantom (D:6)
  2 bullfrogs
  A gnoll sergeant (D:10)
  4 scorpions
  Dowan (D:7)
  2 howler monkeys
  A jelly (D:7)
  2 hounds
  2 orc priests
  3 gnoll boudas
  4 iguanas (D:5)
  3 sleepcaps
  Ijyb (D:3)
  7 orc wizards
  9 adders
  10 gnolls
  An ufetubus (D:4)
  3 worms
  2 dart slugs
  21 orcs
  7 ball pythons
  4 bats
  6 endoplasms
  A giant cockroach (D:3)
  8 hobgoblins
  2 jackals (D:1)
  4 quokkas
  4 frilled lizards
  5 goblins
  13 kobolds
  6 rats
176 creatures vanquished.

Notes
Turn   | Place    | Note
-------+----------+-------------------------------------------
     0 | D:1      | ThatPearl the Meteoran Earth Elementalist began the quest
                  | for the Orb.
     0 | D:1      | Reached XP level 1. HP: 14/14 MP: 5/5
    38 | D:1      | Reached XP level 2. HP: 20/20 MP: 0/6
    77 | D:1      | Reached skill level 4 in Earth Magic
   129 | D:1      | Reached XP level 3. HP: 11/26 MP: 1/8
   367 | D:2      | Found Amokiczo's Antique Weapon Shoppe.
   385 | D:2      | Reached XP level 4. HP: 27/33 MP: 10/10
   390 | D:2      | Learned a level 3 spell: Stone Arrow
   393 | D:2      | Learned a level 2 spell: Passwall
   410 | D:2      | Reached skill level 5 in Earth Magic
   862 | D:3      | Reached XP level 5. HP: 38/38 MP: 9/12
   870 | D:3      | Learned a level 4 spell: Petrify
  1013 | D:3      | Found an ancient bone altar of Kikubaaqudgha.
  1242 | D:3      | Noticed Ijyb
  1245 | D:3      | Killed Ijyb
  1246 | D:3      | Reached skill level 6 in Earth Magic
  1261 | D:3      | Reached XP level 6. HP: 45/45 MP: 0/13
  1326 | D:4      | Noticed Grinder
  1332 | D:4      | Paralysed by Grinder for 3 turns
  1339 | D:4      | Killed Grinder
  1340 | D:4      | Reached skill level 5 in Spellcasting
  1340 | D:4      | Reached skill level 7 in Earth Magic
  1340 | D:4      | Reached XP level 7. HP: 44/50 MP: 1/15
  1410 | D:2      | Bought a brightly glowing morningstar for 216 gold pieces
  1410 | D:2      | Identified the +7 morningstar of Fimbulwinter {holy,
                  | *Corrode Will+ Str+2 Int+3} (You bought it in a shop on
                  | level 2 of the Dungeon)
  1581 | D:4      | Reached skill level 1 in Maces & Flails
  1873 | D:4      | Reached skill level 8 in Earth Magic
  1989 | D:5      | Entered Level 5 of the Dungeon
  2040 | D:5      | Reached XP level 8. HP: 44/57 MP: 17/17
  2073 | D:5      | Found a stormy altar of Qazlal.
  2073 | D:5      | Found a blossoming altar of Fedhas.
  2095 | D:5      | Noticed Edmund
  2101 | D:5      | Killed Edmund
  2349 | D:5      | Reached skill level 1 in Conjurations
  2386 | D:5      | Gained mutation: You passively map the area around you.
                  | [Meteoran growth]
  2386 | D:5      | Reached XP level 9. HP: 38/62 MP: 13/19
  2646 | D:6      | Found a runed translucent door.
  2647 | D:6      | Noticed Crazy Yiuf
  2699 | D:6      | Reached skill level 9 in Earth Magic
  2699 | D:6      | Identified the +3 whip of the Summoning Gods {pain, Fly}
  2719 | D:6      | You are sucked into a shaft and drop 1 floor!
  2823 | D:6      | Found a staircase to the Ecumenical Temple.
  2839 | Temple   | Entered the Ecumenical Temple
  2844 | Temple   | Became a worshipper of Vehumet
  2967 | D:7      | Noticed Duvessa
  2969 | D:7      | Noticed Dowan
  3199 | D:6      | Reached skill level 5 in Maces & Flails
  3310 | D:6      | Reached skill level 1 in Shields
  3466 | D:7      | Killed Duvessa
  3467 | D:7      | Killed Dowan
  3633 | D:8      | Found a white marble altar of Elyvilon.
  3658 | D:8      | Learned a level 3 spell: Swiftness
  3743 | D:8      | Reached skill level 1 in Fighting
  3743 | D:8      | Reached XP level 10. HP: 65/71 MP: 17/22
  4056 | D:9      | Reached * piety under Vehumet
  4056 | D:9      | Offered knowledge of Foxfire by Vehumet.
  4057 | D:9      | Upgraded the game from 0.30-a0-996-ga6910c8ee8 to
                  | 0.30-a0-1008-g30c9307041
  4072 | D:9      | Noticed a kobold demonologist
  4078 | D:9      | Killed a kobold demonologist
  4079 | D:9      | Reached skill level 10 in Earth Magic
  4154 | D:9      | Found an opulent altar of Gozag.
  4159 | D:9      | Found a hazy altar of Hepliaklqana.
  4162 | D:9      | Found a shimmering blue altar of Sif Muna.
  4235 | D:9      | Reached skill level 5 in Conjurations
  4421 | D:10     | Entered Level 10 of the Dungeon
  4421 | D:10     | Noticed Grum
  4425 | D:9      | Killed Grum
  4474 | D:10     | Noticed Erica
  4477 | D:10     | Killed Erica
  4478 | D:10     | Reached skill level 5 in Shields
  4560 | D:10     | Reached XP level 11. HP: 84/84 MP: 15/25
  4607 | D:10     | Reached skill level 1 in Air Magic
  4719 | D:10     | Reached skill level 5 in Fighting
  4735 | D:10     | Offered knowledge of Magic Dart by Vehumet.
  4740 | D:10     | Learned a level 1 spell: Magic Dart
  4760 | D:10     | Reached ** piety under Vehumet
  4776 | D:10     | HP: 2/88 [troll (3)]
  4776 | D:10     | Slain by a howler monkey

Illustrated notes

Levels and vault maps discovered:
D:1:      wheals_arrival_linesprint, layout_rooms, chequers_decorated_corner,
          minmay_tiny_reverse_x
D:2:      layout_basic, serial_shops, nicolae_shop_overgrown_old_shop
D:3:      minmay_chambers_of_threes, layout_basic,
          nicolae_overflow_hidden_temple, uniq_ijyb
D:4:      layout_loops_cross, uniq_grinder
D:5:      layout_basic, grunt_temple_overflow_forces_of_nature, uniq_edmund
D:6:      layout_basic, minmay_temple_entry_trees, uniq_crazy_yiuf_cottage
D:7:      layout_basic, minmay_a_box_with_orc_wizards_in_it, uniq_duvessa
D:8:      layout_basic, elyvilon_altar_5
D:9:      layout_roguey, grunt_temple_overflow_open
D:10:     lemuel_castle_with_subvaults [lemuel_castle_interior_original],
          layout_irregular_city, lair_entry_dummy, library_closet, uniq_erica,
          uniq_grum
Temple:   minmay_freezing_vapour_temple

Skill      XL: |  1  2  3  4  5  6  7  8  9 10 11 |
---------------+----------------------------------+-----
Earth Magic    | 4 5 6 7 8 9 10 | 10.6
Spellcasting   | 3 4 5 6 7 9 |  9.7
Maces & Flails | 2 4 5 |  5.7
Transmutations | 2 3 |  3.0
Dodging        | 4 |  4.8
Conjurations   | 1 4 6 7 |  7.0
Shields        | 2 5 6 |  6.3
Fighting       | 1 4 5 |  5.2
Air Magic      | 3 |  3.2
Stealth        | |  1.4

Action                     |  1- 3 |  4- 6 |  7- 9 | 10-12 || total
---------------------------+-------+-------+-------+-------++-------
  Melee: Short sword       |    35 |    74 |       |       ||   109
         Morningstar       |       |       |    98 |    21 ||   119
         Punch             |       |       |     1 |       ||     1
   Cast: Sandblast         |    26 |    16 |    52 |    25 ||   119
         Stone Arrow       |       |     5 |    20 |    66 ||    91
         Swiftness         |       |       |       |     1 ||     1
    Use: Scroll            |       |       |    10 |       ||    10
   Stab: Sleeping          |     1 |       |       |       ||     1
 Armour: Robe              |     9 |    18 |    10 |       ||    37
         Leather armour    |       |       |     6 |    34 ||    40
  Dodge: Dodged            |    29 |    31 |    84 |    47 ||   191
  Block: Buckler           |       |       |     3 |    33 ||    36

Table legend: (Time is in decaauts)
 A = Elapsed time spent in this place.
 B = Non-inter-level travel time spent in this place.
 C = Inter-level travel time spent in this place.
 D = Time resting spent in this place.
 E = Time spent auto-exploring this place.
 F = Levels seen in this place.
 G = Mean time per level.
                   A        B        C        D        E       F      G
               +--------+--------+--------+--------+--------+-----+--------+
         Total |   4882 |   4548 |    334 |     68 |    277 |  11 |  443.8 |
       Dungeon |   4871 |   4537 |    334 |     68 |    277 |  10 |  487.1 |
        Temple |     10 |     10 |      0 |      0 |      0 |   1 |   10.0 |
               +--------+--------+--------+--------+--------+-----+--------+

Top non-repeatable levels by time:
     D:3: 648 daAuts
     D:4: 581 daAuts
     D:5: 573 daAuts
     D:6: 550 daAuts
     D:7: 491 daAuts
     D:9: 460 daAuts
     D:8: 451 daAuts
     D:2: 422 daAuts
     D:1: 379 daAuts
    D:10: 312 daAuts
  Temple: 10 daAuts
